 Dungeon Crawl Stone Soup version 0.18-a0-1292-ge8ad84c (webtiles) character file.

66 ololoev the Magician (level 3, -1/19 HPs)
             Began as a Deep Elf Fire Elementalist on Feb 9, 2016.
             Slain by a quokka (4 damage)
             ... on level 3 of the Dungeon.
             The game lasted 00:02:38 (418 turns).

ololoev the Magician (Deep Elf Fire Elementalist)    Turns: 418, Time: 00:02:39

Health: -1/19      AC:  3    Str:  5    XL:     3   Next: 96%
Magic:  1/10       EV: 13    Int: 20    God:
Gold:   62         SH:  0    Dex: 15    Spells: 3 memorised, 2 levels left

rFire  . . .     SeeInvis .     m - +3 short sword
rCold  . . .     Gourm    .     a - +0 robe
rNeg   . . .     Faith    .     (no shield)
rPois  .         Spirit   .     (no helmet)
rElec  .         Dismiss  .     h - +0 cloak
rCorr  .         Reflect  .     (no gloves)
SustAt .         Harm     .     (no boots)
MR     .....                    (no amulet)
Stlth  ++........               (no ring)
                                (no ring)

@: very slightly contaminated, not resistant to hostile enchantments, unstealthy
A: no striking features
a: no special abilities

Inventory:

Hand Weapons
 m - a +3 short sword (weapon)
Armour
 a - a +0 robe (worn)
 h - a +0 cloak (worn)
Wands
 k - a wand of lightning (0/15)
Scrolls
 d - a scroll of teleportation {unknown}
 e - a scroll of identify {unknown}
Potions
 g - a potion of flight {unknown}
 i - a potion of magic {unknown}
 l - a potion of curing {unknown}
Books
 b - a book of Flames

   Spells                             Type                      Level
   a - Flame Tongue                   Conjuration/Fire             1
   b - Throw Flame                    Conjuration/Fire             2
   c - Conjure Flame                  Conjuration/Fire             3
   d - Inner Flame                    Hexes/Fire                   3
   e - Sticky Flame                   Conjuration/Fire             4
   f - Fireball                       Conjuration/Fire             5
Comestibles
 c - 2 bread rations
 f - 2 meat rations


   Skills:
 - Level 2.4 Dodging
 - Level 2.4 Stealth
 + Level 3.9 Spellcasting
 * Level 3.2 Conjurations
 + Level 3.7 Fire Magic


You had 2 spell levels left.
You knew the following spells:

 Your Spells              Type           Power        Failure   Level  Hunger
a - Flame Tongue          Conj/Fire      ###..        3%          1    None
b - Conjure Flame         Conj/Fire      ###.....     12%         3    ###....
e - Inner Flame           Hex/Fire       ##......     21%         3    ###....


You were on level 3 of the Dungeon.
You were not hungry.

You visited 1 branch of the dungeon, and saw 3 of its levels.

You collected 62 gold pieces.

### #.. #.# #.#
####o### #....@.#
#...rl.# +......#
#......# #).....#
####.....)######
.............(...
####.#.#########
#.#.#

Notes
Turn   | Place    | Note
--------------------------------------------------------------
     0 | D:1      | ololoev the Deep Elf Fire Elementalist began the quest for the Orb.
     0 | D:1      | Reached XP level 1. HP: 10/10 MP: 6/6
    79 | D:1      | Reached XP level 2. HP: 7/15 MP: 0/8
   309 | D:3      | Reached XP level 3. HP: 17/19 MP: 6/10
   314 | D:3      | Learned a level 3 spell: Conjure Flame
   318 | D:3      | Learned a level 3 spell: Inner Flame
   398 | D:3      | Noticed Natasha
   404 | D:3      | Killed Natasha
   418 | D:3      | Slain by a quokka

Dungeon Overview and Level Annotations

Branches:
Dungeon (3/15)

Altars:


Message History

You are very lightly contaminated with residual magic.
Your skin tingles.
The adder closely misses you.
Casting: Flame Tongue
Confirm with . or Enter, or press ? or * to list all spells.
Aiming: Flame Tongue
Press: ? - help, Shift-Dir - straight line, f/p - adder
Aim: an adder (heavily wounded)
The flame tongue hits the adder.
You kill the adder!
A quokka comes into view.
Casting: Flame Tongue
Confirm with . or Enter, or press ? or * to list all spells.
Aiming: Flame Tongue
Press: ? - help, Shift-Dir - straight line, f - orc
Aim: an orc, wielding a mace and wearing a ring mail The flame tongue hits the orc.
The orc appears unharmed.
The orc hits you with a mace!
You hit the orc.
The orc is moderately wounded.
The orc closely misses you. The giant gecko closely misses you.
You barely miss the orc.
The orc is moderately wounded.
The giant gecko closely misses you. The orc hits you with a mace!
Casting: Flame Tongue
Confirm with . or Enter, or press ? or * to list all spells.
Aiming: Flame Tongue
Press: ? - help, Shift-Dir - straight line, f/p - orc
Aim: an orc, wielding a mace and wearing a ring mail (moderately wounded)
The flame tongue hits the orc.
The orc is almost dead.
The giant gecko barely misses you. The orc misses you.
Casting: Flame Tongue
Confirm with . or Enter, or press ? or * to list all spells.
Aiming: Flame Tongue
Press: ? - help, Shift-Dir - straight line, f/p - orc
Aim: an orc, wielding a mace and wearing a ring mail (almost dead)
The flame tongue misses the orc.
The giant gecko bites you but does no damage.
The quokka bites you.
You die...

You could see an orc, a giant gecko and a quokka.

Vanquished Creatures
  Natasha (D:3)
  3 adders
  A giant gecko (D:2)
  A giant cockroach (D:3)
  2 goblins
  4 hobgoblins
  2 kobolds
  A rat (D:2)
15 creatures vanquished.

Action                   || total
-------------------------++-------
Melee: Short sword       ||     2
 Cast: Flame Tongue      ||    30
Evoke: Wand              ||     2

Vault maps used:
D:1:      co_arrival_square_in_a_square_in_a_square
D:2:      moated_statue
D:3:      first_bread, uniq_natasha
